 Dungeon Crawl Stone Soup version 0.22.1-2-g9c5b331 (webtiles) character file.

5799 whitewolfNL the Basher (level 10, -7/90 HPs)
             Began as a Minotaur Berserker on Dec 16, 2018.
             Was an Elder of Trog.
             Mangled by a two-headed ogre
             ... wielding a +0 giant club
              (11 damage)
             ... on level 9 of the Dungeon.
             The game lasted 00:35:32 (8271 turns).

whitewolfNL the Basher (Minotaur Berserker)         Turns: 8271, Time: 00:35:33

Health: -7/90      AC: 11    Str: 23    XL:     10   Next: 50%
Magic:  10/10      EV: 11    Int:  5    God:    Trog [****..]
Gold:   195        SH:  0    Dex: 11    Spells: 9/9 levels left

rFire    + . .     SeeInvis .   L - +0 dire flail (drain)
rCold    x . .     Gourm    .   (shield currently unavailable)
rNeg     . . .     Faith    .   s - +0 chain mail
rPois    .         Spirit   .   (helmet restricted)
rElec    .         Reflect  .   F - scarf {repulsion}
rCorr    .         Harm     .   (no gloves)
MR       .....                  (no boots)
Stlth    ..........             (no amulet)
HPRegen  0.25/turn              D - ring of fire
MPRegen  0.12/turn              v - ring of stealth

@: berserk cooldown, slowed, repel missiles, very slow
A: retaliatory headbutt, horns 2
a: Berserk, Trog's Hand, Brothers in Arms, Renounce Religion


You were on level 9 of the Dungeon.
You worshipped Trog.
Trog was greatly pleased with you.
You were hungry.

You visited 1 branch of the dungeon, and saw 9 of its levels.
You also visited: Sewer.

You collected 377 gold pieces.
You spent 182 gold pieces at shops.

Inventory:

Hand Weapons
 n - a +3 blowgun
 t - a +2 hunting sling of freezing
 I - a +0 lajatang
 L - a +0 dire flail of draining (weapon)
 S - a +0 shortbow
Missiles
 j - 236 arrows
 q - 78 sling bullets
 M - 2 throwing nets (quivered)
 Q - 39 bolts
Armour
 s - a +0 chain mail (worn)
 F - a scarf of repulsion (worn)
Jewellery
 v - a ring of stealth (right hand)
 D - a ring of fire (left hand)
Wands
 b - a wand of paralysis (4)
 N - a wand of digging (2)
Scrolls
 a - a scroll of blinking
 d - a scroll of amnesia {unknown}
 f - a scroll of teleportation
 o - 2 scrolls of enchant armour
 r - 2 scrolls of magic mapping
 u - 3 scrolls of immolation
 z - a scroll of enchant weapon {unknown}
 O - a scroll of fear
Potions
 e - a potion of curing
 g - 3 potions of lignification
 i - a potion of heal wounds {unknown}
 k - 2 potions of berserk rage
 l - 3 potions of brilliance
 m - a potion of haste {unknown}
 p - a potion of degeneration {unknown}
 w - a potion of invisibility {unknown}
 x - a potion of ambrosia {unknown}
 B - 3 potions of flight
 E - a potion of magic {unknown}
Comestibles
 c - 12 rations
 h - 21 chunks of flesh


   Skills:
 * Level 8.8 Fighting
 * Level 12.0 Maces & Flails
 * Level 9.7 Armour
 * Level 5.8 Dodging
 - Level 4.0 Stealth
 * Level 1.4 Evocations


You had 9 spell levels left.
You didn't know any spells.
Your spell library was empty.

Dungeon Overview and Level Annotations

Branches:
Dungeon (9/15)             Temple (0/1) D:7
   Lair: D:8-11         Orc: D:9-12

Altars:
Ashenzari
Dithmenos
Qazlal
Ru
Yredelemnul

Shops:
D:7 *(


Innate Abilities, Weirdness & Mutations

You reflexively headbutt those who attack you in melee.
You have a pair of horns on your head.


Message History

The orc priest calls down the wrath of Beogh upon you.
Beogh smites you!
The orc wizard gestures at you while chanting.
The magic dart hits you!
The orc priest casts a cantrip, but nothing happens.
You closely miss the two-headed ogre.
The two-headed ogre hits you with a giant club!!
The two-headed ogre hits you with a giant club!
* * * LOW HITPOINT WARNING * * *
You hear a shout!
Your chain mail prevents you from hitting the two-headed ogre.
You headbutt the two-headed ogre!
The two-headed ogre is lightly wounded.
The two-headed ogre closely misses you.
The two-headed ogre hits you with a giant club!!
* * * LOW HITPOINT WARNING * * *
You barely miss the two-headed ogre.
The two-headed ogre is lightly wounded.
The two-headed ogre hits you with a giant club!
You die...

.... #..# .# #.o##.#
#..##.# #..##.# #.#
.######.o##.# #.# #
!.......oo..####.# #
#.....#....# ..#.
#.....#@##.# ....
#....oO....#########.#<>
#....................#.#
###.#.......### #.##.#
#.#.....#..# #.##.#
#......###.######.#...
#.......#..>..........
#......)).#######.#.##
###..).#).........#.#


You could see a two-headed ogre and an orc priest.

Vanquished Creatures
  Harold (D:7)
  Pikel (D:7)
  A troll (D:9)
  Grinder (D:5)
  A wyvern (D:8)
  Eustachio (D:5)
  3 yaks (D:9)
  2 steam dragons
  Duvessa (D:5)
  2 orc warriors (D:7)
  A slave (D:7)
  2 ice beasts
  2 sky beasts (D:5)
  2 black bears
  A necrophage (D:8)
  A phantom (D:4)
  2 ogres (D:6)
  3 centaurs
  A crocodile (Sewer)
  A big kobold (D:7)
  4 bullfrogs
  Dowan (D:5)
  A water moccasin skeleton (D:7)
  6 killer bees
  2 wights (D:7)
  5 crimson imps
  A howler monkey (D:6)
  A bullfrog zombie (D:5)
  4 orc priests
  A centaur skeleton (D:8)
  Crazy Yiuf (D:6)
  A bullfrog skeleton (D:6)
  2 hounds
  7 orc wizards
  Terence (D:3)
  A hound skeleton (D:8)
  8 gnolls
  5 adders
  5 river rats
  2 shadow imps
  An adder zombie (D:5)
  2 adder skeletons
  4 dart slugs
  5 leopard geckos
  19 orcs
  5 ball pythons
  10 bats
  5 giant cockroaches
  5 goblins
  6 hobgoblins
  2 jackals (D:4)
  11 kobolds
  2 quokkas
  2 frilled lizards
  A leopard gecko zombie (D:7)
  9 rats
  3 plants (D:6)
181 creatures vanquished.

Vanquished Creatures (others)
  A slave (D:7)
  A centaur (D:7)
  A bullfrog (D:7)
  2 wights (D:7)
  2 plants (D:6)
7 creatures vanquished.

Grand Total: 188 creatures vanquished

Notes
Turn   | Place    | Note
-------+----------+-------------------------------------------
     0 | D:1      | whitewolfNL the Minotaur Berserker began the quest for the
                  | Orb.
     0 | D:1      | Reached XP level 1. HP: 19/19 MP: 0/0
   134 | D:1      | Reached XP level 2. HP: 23/27 MP: 1/1
   175 | D:1      | Reached skill level 4 in Maces & Flails
   593 | D:2      | Found a basalt altar of Yredelemnul.
   620 | D:2      | Reached ** piety under Trog
   620 | D:2      | Reached XP level 3. HP: 33/33 MP: 2/2
  1702 | D:3      | Noticed Terence
  1714 | D:3      | Reached XP level 4. HP: 41/41 MP: 3/3
  1716 | D:3      | Reached skill level 5 in Maces & Flails
  1721 | D:3      | Killed Terence
  1721 | D:3      | Reached skill level 1 in Stealth
  1722 | D:3      | Reached XP level 5. HP: 47/47 MP: 4/4
  1895 | D:3      | Reached skill level 6 in Maces & Flails
  1912 | D:3      | Reached XP level 6. HP: 52/55 MP: 5/5
  2019 | D:3      | Reached *** piety under Trog
  2131 | D:3      | Reached skill level 5 in Fighting
  2188 | D:4      | Found a glowing drain.
  2265 | Sewer    | Entered a sewer
  2321 | Sewer    | Reached skill level 7 in Maces & Flails
  2321 | Sewer    | Reached XP level 7. HP: 46/61 MP: 6/6
  2938 | D:5      | Entered Level 5 of the Dungeon
  2938 | D:5      | Noticed Eustachio
  2945 | D:5      | Killed Eustachio
  2975 | D:5      | Reached skill level 5 in Armour
  3469 | D:5      | Found a shattered altar of Ashenzari.
  3500 | D:5      | Noticed Grinder
  3507 | D:5      | Killed Grinder
  3507 | D:5      | Reached skill level 8 in Maces & Flails
  3507 | D:5      | Reached XP level 8. HP: 70/70 MP: 7/7
  3753 | D:5      | Found a shadowy altar of Dithmenos.
  4004 | D:5      | Noticed Duvessa
  4005 | D:5      | Noticed Dowan
  4011 | D:5      | Killed Duvessa
  4015 | D:5      | Killed Dowan
  4663 | D:6      | Found a stormy altar of Qazlal.
  4784 | D:6      | Reached skill level 9 in Maces & Flails
  4942 | D:6      | Found a runed door.
  4947 | D:6      | Noticed Crazy Yiuf
  4950 | D:6      | Killed Crazy Yiuf
  5384 | D:6      | Reached XP level 9. HP: 78/78 MP: 8/8
  5544 | D:7      | Found a sacrificial altar of Ru.
  5544 | D:7      | Noticed Harold
  5561 | D:7      | Killed Harold
  5561 | D:7      | Reached skill level 10 in Maces & Flails
  5585 | D:7      | Reached **** piety under Trog
  5823 | D:7      | Found a staircase to the Ecumenical Temple.
  5861 | D:7      | Noticed Pikel
  5886 | D:7      | Killed Pikel
  5886 | D:7      | Reached skill level 5 in Dodging
  6180 | D:7      | Found Icoasheu's Antique Weapon Emporium.
  6502 | D:7      | Reached skill level 11 in Maces & Flails
  6506 | D:7      | Found Cunuer's General Store.
  6509 | D:7      | Bought a scroll of immolation for 49 gold pieces
  6509 | D:7      | Bought a scroll of fear for 49 gold pieces
  6509 | D:7      | Bought 2 potions of flight for 84 gold pieces
  6657 | D:7      | Reached XP level 10. HP: 18/88 MP: 9/9
  8163 | D:9      | Reached skill level 1 in Evocations
  8215 | D:9      | Reached skill level 12 in Maces & Flails
  8260 | D:9      | Noticed a two-headed ogre
  8270 | D:9      | HP: 4/90 [two-headed ogre/giant club (21)]
  8271 | D:9      | Mangled by a two-headed ogre

Skill      XL: |  1  2  3  4  5  6  7  8  9 10 |
---------------+-------------------------------+-----
Fighting       | 4 5 6 8 |  8.8
Maces & Flails | 4 5 6 7 8 9 11 12 | 12.0
Armour         | 3 4 5 7 8 9 |  9.7
Stealth        | 1 2 3 4 |  4.0
Dodging        | 3 4 5 |  5.8
Evocations     | 1 |  1.4

Action                   |  1- 3 |  4- 6 |  7- 9 | 10-12 || total
-------------------------+-------+-------+-------+-------++-------
Melee: Mace              |    59 |    21 |       |       ||    80
       Headbutt          |    13 |    11 |    55 |    17 ||    96
       Flail             |       |    66 |   257 |    26 ||   349
       Dire flail        |       |       |       |    83 ||    83
Invok: Berserk           |     1 |     4 |    14 |     4 ||    23
  Use: Scroll            |     2 |     5 |     3 |     4 ||    14
       Potion            |       |       |     3 |     1 ||     4
  Eat: Chunk             |     2 |     6 |    13 |     6 ||    27
       Ration            |       |       |     4 |     1 ||     5
Armor: Ring mail         |    15 |    12 |       |       ||    27
       Chain mail        |       |    31 |   129 |    72 ||   232
Dodge: Dodged            |    45 |    48 |   137 |    99 ||   329
       Deflected         |       |       |     5 |     1 ||     6
